[Event "FIDE Zonal 4-2 Open 2023"]
[Site "Dimbroko"]
[Date "2023.03.27"]
[Round "3.7"]
[White "Nean, Franck Anderson"]
[Black "Amako Marc Arnold"]
[Result "1-0"]
[ECO "E18"]
[WhiteElo "1851"]
[BlackElo "1647"]
[Annotator "NA COMBH"]
[PlyCount "127"]
[EventDate "2023.03.25"]
[EventType "swiss"]
[EventCountry "IVO"]
[SourceTitle "playchess.com"]
[Source "ChessBase"]
[SourceQuality "1"]
[TimeControl "40/5400+30:1800+30"]

1. d4 d5 2. Nf3 Nf6 3. g3 e6 4. Bg2 Be7 5. O-O O-O 6. c4 b6 7. Nc3 Bb7 8. Ne5 Nbd7 9. b3 c5 10. e3 Rc8 11. Bb2 Ne4 12. Nxe4 dxe4 13. Nxd7 Qxd7 14. dxc5 Qxd1 15. Raxd1 Bxc5 16. Rd7 Bc6 17. Rxa7 Rfd8 18. Ba3 Rd2 19. Bxc5 bxc5 20. Ra5 Ba8 21. Rb1 f5 22. Bf1 Kf7 23. a3 g5 24. b4 f4 25. Rxc5 Rxc5 26. bxc5 Ra2 27. gxf4 gxf4 28. exf4 Rxa3 29. Rb6 Ra7 30. h4 Rc7 31. Bh3 Bc6 32. Kh2 Bd7 33. Rd6 Ke7 34. Rd4 Bc6 35. Bg2 Bb7 36. Bxe4 Bxe4 37. Rxe4 Rxc5 38. Kg3 Kf6 39. Kg4 Ra5 40. h5 Ra2 41. Kf3 Rc2 42. Ke3 h6 43. Kf3 Rc3+ 44. Kg4 Rc1 45. Kf3 Rh1 46. Re5 Rc1 47. c5 Rc4 48. Ke3 Kf7 49. f5 exf5 50. Kd3 Rc1 51. Kd4 Rd1+ 52. Kc4 Rc1+ 53. Kd5 Rd1+ 54. Kc6 Kf6 55. Rd5 Rc1 56. Kd7 Rc2 57. f4 Rc4 58. Rd6+ Kg7 59. c6 Rxf4 60. c7 Rc4 61. c8=Q Rxc8 62. Kxc8 f4 63. Kd7 Kf7 64. Rxh6 1-0

[Event "FIDE Zonal 4-2 Open 2023"]
[Site "Dimbroko"]
[Date "2023.03.27"]
[Round "3.8"]
[White "AKA JUSTIN JEAN-ROBERT KOUMI"]
[Black "Semeko, Lumen Paco"]
[Result "0-1"]
[ECO "B29"]
[WhiteElo "1833"]
[BlackElo "1483"]
[Annotator "NA COMBH"]
[PlyCount "113"]
[EventDate "2023.03.25"]
[EventType "swiss"]
[EventCountry "IVO"]
[SourceTitle "playchess.com"]
[Source "ChessBase"]
[SourceQuality "1"]
[TimeControl "40/5400+30:1800+30"]

1. e4 c5 2. Nf3 Nf6 3. e5 Nd5 4. c4 Nc7 5. d4 cxd4 6. Nxd4 Nc6 7. Nxc6 bxc6 8. Nc3 g6 9. Be3 Bg7 10. f4 d6 11. exd6 Qxd6 12. Qxd6 exd6 13. Rd1 Bxc3+ 14. bxc3 d5 15. Bd3 Be6 16. cxd5 Bxd5 17. Rd2 a5 18. O-O O-O 19. c4 Be6 20. Rb1 Na6 21. a3 Rfd8 22. Be2 Rxd2 23. Bxd2 Nc5 24. Rb6 Ne4 25. Be1 Nc5 26. Rxc6 Nb3 27. Rb6 Nd4 28. Bd3 Rc8 29. Bc3 Bxc4 30. Bxc4 Rxc4 31. Bxd4 Rxd4 32. Ra6 Ra4 33. g3 Rxa3 34. Kg2 h5 35. Kh3 Kg7 36. Kg2 a4 37. Kh3 Ra2 38. Ra5 a3 39. Ra4 Kf6 40. Ra5 Ke6 41. Ra6+ Ke7 42. Ra7+ Kf6 43. Ra6+ Kg7 44. Ra5 Ra1 45. Ra4 a2 46. Ra5 Kf6 47. Ra6+ Kf5 48. Ra4 Ke6 49. Ra6+ Kd5 50. Kh4 f6 51. f5 gxf5 52. Kxh5 Ke4 53. Kg6 f4 54. gxf4 Kxf4 55. Kxf6 Kg4 56. Ke5 Re1+ 57. Kd4 0-1

[Event "FIDE Zonal 4-2 Open 2023"]
[Site "Dimbroko"]
[Date "2023.03.27"]
[Round "3.13"]
[White "De Gondo, Simplice Armel"]
[Black "KONAN KOUASSI AUGUSTIN"]
[Result "0-1"]
[ECO "B12"]
[WhiteElo "2086"]
[BlackElo "1775"]
[Annotator "TA"]
[PlyCount "106"]
[EventDate "2023.03.25"]
[EventType "swiss"]
[EventCountry "IVO"]
[SourceTitle "playchess.com"]
[Source "ChessBase"]
[SourceQuality "1"]
[TimeControl "40/5400+30:1800+30"]

1. e4 e6 2. d4 c6 3. Bd3 d5 4. e5 Nd7 5. f4 c5 6. c3 {[%emt 0:02:14] B12: Caro-Kann: Advance Variation.} Ne7 7. Nf3 {[%emt 0:00:05] [#]} h6 $146 ({Predecessor:} 7... c4 8. Bc2 Nb6 9. O-O Ng6 10. Ng5 Be7 11. Qh5 Bxg5 12. fxg5 Bd7 13. b3 Qc7 {1-0 Kabamwanishi,M-Abdikani,M (1517) Olympiad-43 Batumi 2018 (5.88)}) 8. Be3 {[%emt 0:00:53] White is better.} Qb6 9. Qc2 c4 10. Be2 Nf5 11. Bf2 g6 12. g4 Ng7 13. Nbd2 Qc6 (13... h5 $14) 14. O-O-O (14. h3 $16) 14... b5 $1 $11 15. Nb1 b4 (15... a5 $5) 16. h4 ({White should try} 16. Nh4 $14) 16... a5 $15 17. h5 gxh5 18. gxh5 (18. Rdg1 $15 {deserves consideration.}) 18... Ba6 $17 19. Nfd2 Rb8 20. Rde1 a4 (20... Qb7 $17 21. a3 Bb5) 21. cxb4 (21. a3 $1 $14) 21... Bxb4 $11 22. a3 Ba5 (22... c3 $11 23. bxc3 (23. axb4 cxd2+ 24. Nxd2 Qxc2+ 25. Kxc2 Bxe2 $17) (23. Nxc3 Bxc3 24. Qxc3 Qb6 $11) 23... Be7) 23. Rhg1 (23. Reg1 $14) 23... Nf5 (23... c3 $1 $11 {keeps the balance.} 24. Nxc3 (24. Rxg7 $2 Rxb2 $19) 24... Bxe2) 24. Bd1 $2 (24. Bg4 $1 $16 {is necessary to keep the advantage.}) 24... Qb6 $19 25. Nf3 {[%emt 0:02:51] [#]} Bxe1 (25... c3 $1 $19 26. Nxc3 Bd3 27. Nxa4 (27. Qd2 $2 Ke7 $19) 27... Qa6) 26. Rxe1 $17 Ke7 (26... Rg8 $17 {aiming for ...Rg2.} 27. Qd2 Qxb2+ 28. Qxb2 Rxb2 29. Kxb2 Rg2) 27. Nc3 $11 Bb5 $2 {[%emt 0:01:15] [#]} (27... Rhg8 $11) 28. Qe2 $2 (28. Nxa4 $2 {perishes.} Bxa4 29. Qc3 Bxd1 30. Rxd1 Rhg8 $19) ({Worse is} 28. Qxf5 exf5 29. Nxd5+ Kf8 30. Nxb6 Nxb6 $11) (28. Nh4 $1 $18 Bc6 29. Nxf5+ exf5 30. Qb1 (30. Bf3 Ke6 $14)) 28... Bc6 29. Bxa4 $2 (29. Qd2 $11 {and White has nothing to worry.}) 29... Bxa4 $19 30. Nxa4 Qb3 31. Nc3 Nb6 $4 (31... Rhg8 $19 {...Rg4 would be deadly.} 32. Rg1 Rxg1+ 33. Nxg1 Nb6) 32. Qc2 $4 {[%emt 0:00:08][%mdl 8192] Black keeps a firm grip on the game.} (32. Nd2 $18 {was the only winning move.} Qxc3+ 33. bxc3) 32... Na4 {[%emt 0:02:13][%cal Bb6a4,Ba4b2,Bb2d3,Bd3e1,Be1f3,Bf3d4,Bd4b3][%mdl 96] Pin} 33. Qxb3 Rxb3 34. Nd2 Nxb2 {[%emt 0:01:07] And now ...Nd3+ would win.} 35. Nxb3 Nd3+ 36. Kd2 Nxe1 ({Stronger than} 36... Nxf2 37. Nc5 $17) 37. Nc5 Nf3+ 38. Kc1 N3xd4 39. a4 Rc8 40. Nb7 Nb3+ 41. Kc2 d4 42. Ne4 Ra8 43. Nbd6 Nxd6 44. Bh4+ Kd7 45. Nxd6 {[%emt 0:00:40][%mdl 4096] Endgame KRN-KBN} d3+ {[%emt 0:04:02] Black mates.} 46. Kc3 d2 47. Kc2 Rxa4 48. Nxf7 Ra2+ 49. Kc3 d1=Q 50. Nxh6 Qd4+ 51. Kb4 c3+ 52. Kxb3 Rb2+ 53. Ka3 Qb4# {[%emt 0:00:00] Weighted Error Value: White=1.02/Black=0.48} 0-1

[Event "FIDE Zonal 4-2 Open 2023"]
[Site "Dimbroko"]
[Date "2023.03.27"]
[Round "3.14"]
[White "James, Tondo"]
[Black "Koita, Saidou"]
[Result "1-0"]
[ECO "B00"]
[WhiteElo "1867"]
[BlackElo "1569"]
[Annotator "NA RC COMBH"]
[PlyCount "115"]
[EventDate "2023.03.25"]
[EventType "swiss"]
[EventCountry "IVO"]
[SourceTitle "playchess.com"]
[Source "ChessBase"]
[SourceQuality "1"]
[TimeControl "40/5400+30:1800+30"]

1. e4 Nc6 2. d4 d5 3. e5 a6 4. Nf3 h6 5. b3 g5 6. Ba3 Bf5 7. Bd3 Qd7 8. c3 e6 9. Bxf8 Kxf8 10. Na3 Nge7 11. Nc2 Ng6 12. g3 Nce7 13. Ne3 b6 14. O-O Bh3 15. Re1 Kg7 16. Qc2 Rhc8 17. Qe2 c5 18. Bxa6 Rc7 19. Bb5 Qc8 20. Bd3 Ra3 21. Qb2 Rca7 22. Kh1 Qc6 23. Ng1 Bf5 24. Bxf5 exf5 25. Ne2 Nxe5 26. dxe5 d4+ 27. Ng2 d3 28. Nc1 Qf3 29. c4 Nc6 30. e6+ f6 31. Qd2 Ne5 32. Re3 Qh5 33. Rxe5 fxe5 34. Nxd3 Qe8 35. Nxe5 Qxe6 36. f4 g4 37. Qb2 Kg8 38. Ne3 R3a6 39. a4 Rd7 40. Qc2 Rf7 41. Rd1 Raa7 42. Rd8+ Rf8 43. Rxf8+ Kxf8 44. Qxf5+ Qxf5 45. Nxf5 h5 46. Kg2 Ra8 47. Kf2 Kg8 48. Ke3 Kh7 49. Ne7 Kh6 50. Ke4 Re8 51. Nf5+ Kh7 52. Kd5 Rd8+ 53. Nd6 Rf8 54. Nd7 Rd8 55. Ke6 Ra8 56. f5 Kh6 57. f6 Kg5 58. f7 1-0

[Event "FIDE Zonal 4-2 Open 2023"]
[Site "Dimbroko"]
[Date "2023.03.27"]
[Round "4.1"]
[White "Thomas, Saah"]
[Black "Ortega Amarelle, Mariano"]
[Result "0-1"]
[ECO "B21"]
[WhiteElo "1916"]
[BlackElo "2472"]
[Annotator "TA"]
[PlyCount "118"]
[EventDate "2023.03.25"]
[EventType "swiss"]
[EventCountry "IVO"]
[SourceTitle "playchess.com"]
[Source "ChessBase"]
[SourceQuality "1"]
[TimeControl "40/5400+30:1800+30"]

1. e4 c5 2. f4 d5 3. exd5 Nf6 4. Bb5+ Bd7 5. Bxd7+ Qxd7 6. c4 e6 7. Qe2 Bd6 8. dxe6 fxe6 9. d3 O-O {[%emt 0:04:47] Threatening ...Nc6.} 10. Nf3 {[%emt 0:00:09] B21: Sicilian: 2 f4 and Morra Gambit.} Nc6 {[%emt 0:00:15] next ...Rae8 is good for Black.} 11. O-O e5 {[%emt 0:08:27] is the legacy move (11...Rae8).} 12. fxe5 (12. f5 $1 $11) 12... Rae8 $1 $17 {[%emt 0:00:50] [#]} (12... Bxe5 $6 13. Nxe5 Qd4+ 14. Be3 Qxe5 15. Nc3 $11) 13. Bf4 $146 (13. Nc3 $142) ({Predecessor:} 13. Nc3 Nxe5 {0-1 Wloka,F-Kappes,D DESC PT2009 Rd03 email 2011 (1)}) 13... Ng4 $1 14. Qd2 Bxe5 (14... Ncxe5 15. Nc3 $17) 15. Nxe5 (15. Bxe5 $17 Ncxe5 16. Nc3) 15... Qd4+ $19 (15... Ngxe5 16. Nc3 $15) (15... Rxe5 16. Bxe5 Rxf1+ 17. Kxf1 $11) 16. Kh1 Ncxe5 (16... Ngxe5 17. Na3 $17) 17. Nc3 Nxd3 {[%emt 0:00:34] Excellent horsemanship.} 18. g3 Rxf4 19. Rxf4 Ndf2+ {[%emt 0:00:13][%mdl 64] Discovered Attack} (19... Nxf4 20. Qxf4 Rf8 21. Qxd4 cxd4 22. Ne4 $17) 20. Qxf2 Nxf2+ 21. Kg2 Ne4 {[%emt 0:01:54] Strongly threatening ...Qd2+.} 22. Re1 Qxc4 (22... Qd2+ $2 23. Re2 Qd3 24. Rfxe4 Rxe4 25. Rxe4 $19) 23. Nxe4 (23. Rexe4 $142 Rxe4 24. Rxe4) 23... Qd5 (23... Qxa2 24. Nc3 (24. Nf6+ gxf6 25. Rxe8+ Kf7 $17) 24... Qxb2+ 25. Rf2 Rxe1 26. Rxb2 $14) 24. h4 Rf8 ({Not} 24... Qxa2 25. Nc3 (25. Nf6+ gxf6 26. Rxe8+ Kf7 $17) 25... Qxb2+ 26. Rf2 $11) 25. a3 $2 (25. Rxf8+ Kxf8 26. a3) 25... Rxf4 26. gxf4 {[%emt 0:00:01][%mdl 4096] Endgame KQ-KRN} h6 27. Re2 b5 28. Kf3 Qh5+ 29. Ke3 Qxh4 30. Nxc5 Qg3+ 31. Ke4 h5 32. Ne6 (32. Nd3 $142) 32... Qg4 33. Nd4 g5 34. Rf2 h4 35. Nf5 Kh7 {[%emt 0:01:49] Hoping for ...h3.} 36. Ke5 h3 {[%emt 0:03:34][%cal Og4g2] White must now prevent ...Qg2!} 37. fxg5 Qxg5 38. Rc2 Qd8 39. Rc3 Qe8+ $2 (39... h2 40. Ng3 Qg5+ 41. Ke4 Qxg3 {[%mdl 64] Remove Defender, Promotion} 42. Rxg3 h1=Q+ 43. Rf3 Qb1+ 44. Rd3 Qxb2) 40. Kf4 $2 (40. Kf6 Qd8+ 41. Kf7 Qg8+ 42. Kf6 Qg6+ 43. Ke5 Qe8+ 44. Kf6 Qf8+ 45. Kg5) 40... Qb8+ 41. Kg4 h2 42. Rh3+ Kg8 43. Rh5 Qc7 44. Ng3 Qc2 45. b4 Qd1+ 46. Kg5 Qf3 47. Kh4 h1=Q+ 48. Nxh1 Qxh1+ 49. Kg4 {[%emt 0:00:00] [#]} Qxh5+ $2 50. Kxh5 $11 {[%emt 0:00:00] KPP-KPP} Kf7 51. Kg5 Ke6 52. Kf4 Kd5 53. Ke3 $1 Kc4 {[%emt 0:00:00] ( -> ...Kb3)} 54. a4 $1 a6 (54... bxa4 $5 55. Kd2 $8 Kd4 $11) 55. axb5 $1 axb5 {[%emt 0:00:00] Black mates.} ({But not} 55... Kxb4 56. bxa6 Kc4 57. a7 Kd5 58. a8=Q+ (58. a8=B+ Ke6 $11) 58... Kd6 59. Qd8+ Ke5 60. Qd7) 56. Kd2 Kxb4 57. Kc2 {[%emt 0:00:00] [#]} Ka3 $1 58. Kb1 b4 59. Ka1 {[%emt 0:00:00] [#]} b3 $1 {[%emt 0:00:00] Weighted Error Value: White=0.86/Black=0.42} 0-1

[Event "FIDE Zonal 4-2 Open 2023"]
[Site "Dimbroko"]
[Date "2023.03.27"]
[Round "4.2"]
[White "Abdulraheem Abdulrahman Akinto"]
[Black "Foday W. Kondoh"]
[Result "1-0"]
[ECO "A40"]
[WhiteElo "2302"]
[BlackElo "1727"]
[Annotator "TA"]
[PlyCount "127"]
[EventDate "2023.03.25"]
[EventType "swiss"]
[EventCountry "IVO"]
[SourceTitle "playchess.com"]
[Source "ChessBase"]
[SourceQuality "1"]
[TimeControl "40/5400+30:1800+30"]

1. d4 Nc6 2. d5 Ne5 3. Nf3 Nxf3+ 4. exf3 c6 {[%emt 0:00:43] [#]} 5. Nc3 $146 ({Predecessor:} 5. dxc6 bxc6 6. Bd3 g6 7. O-O Nf6 8. Nc3 Bg7 9. Bg5 O-O 10. Qd2 Rb8 11. Rab1 {0-1 Yilmaz,K (1637)-Nielsen,J (1802) Politiken Cup 36th 2014 (8)}) 5... Nf6 6. Bc4 {[%emt 1:29:45] A40: Unusual replies to 1 d4.} b5 7. Bb3 b4 (7... Qc7 $11) 8. Ne4 $14 {[%emt 0:05:06] White is slightly better.} Ba6 $2 (8... e6 $14) 9. Nc5 $2 (9. dxc6 $18 Bb5 10. Nxf6+ exf6 11. cxd7+ Qxd7 12. Qxd7+ Bxd7 13. Be3) 9... Bb5 $11 10. a4 bxa3 11. dxc6 (11. Rxa3 cxd5 12. Bxd5 e6 13. Bxa8 Bxc5 $15) 11... Bxc6 {[%emt 0:03:32] ...Qa5+ would be deadly.} (11... axb2 {simplifies} 12. Bxb2 Bxc6 13. Nd3 e6) 12. O-O (12. Nd3 {simplifies} axb2 13. Bxb2 e6 14. O-O) 12... e6 13. Nd3 axb2 14. Bxb2 Be7 15. Ne5 O-O 16. Nxc6 dxc6 17. Ra6 Qc8 18. Qa1 Qb7 19. Rb1 {[%emt 0:00:30][%mdl 1024] White has compensation.} Rfd8 20. Bc4 {[%emt 0:15:08] Hoping for Bxf6.} Rdb8 21. Bb3 {[%emt 0:04:35] A strong pair of Bishops.} Ne8 22. Qa4 Rc8 23. Rd1 Qb5 24. Rxa7 Rxa7 25. Qxa7 Bc5 (25... Bf6 {simplifies} 26. Bxf6 Nxf6 27. Rd3 h5) 26. Qd7 Qe2 27. Rf1 {[%emt 0:03:20] Active counter play!} Nd6 28. Bc1 Qa6 29. Bb2 {[%emt 0:03:59] [#]} (29. Be3 $11 Bxe3 30. fxe3) 29... Qb7 ({Better is} 29... Qb6 $1 $17 {Strongly threatening ...Rd8.} 30. Bd4 Bxd4 31. Qxd6 Bxf2+ 32. Kh1 (32. Rxf2 $2 {too greedy.} Rd8 $19) 32... Rd8) 30. Qxb7 Nxb7 31. Rd1 Rd8 32. Rxd8+ Nxd8 {[%emt 0:00:02][%mdl 4096] Endgame KBB-KBN} 33. Be5 Bb6 34. Bd6 f6 35. g4 g5 (35... Kf7 $11) 36. Kg2 (36. f4 $5 ) 36... Kf7 37. f4 gxf4 38. Bxf4 Nb7 39. Ba4 Nd8 40. h3 e5 41. Bd2 Kg7 42. Kg3 Kg6 43. c3 Bc7 44. Bc2+ Kg7 45. Be4 c5 46. Bd5 Kg6 47. Kf3 Nf7 48. h4 Nd6 {[%emt 0:00:00] [#]} (48... Ba5 $16 49. Ke2 Bd8) 49. h5+ $1 $18 Kg7 50. h6+ Kh8 $2 (50... Kf8 $16 51. Be3 Bb6) 51. Be3 Bb6 (51... e4+ $142 52. Bxe4 Nf7 53. Bxc5 Ne5+ 54. Ke2 Nxg4) 52. Ke2 Nb5 53. Kd3 Nd6 (53... e4+ $142 54. Bxe4 (54. Kxe4 $2 {perishes.} Nxc3+ 55. Kd3 Nxd5 $19) 54... Nd6) 54. Kc2 Nc8 55. Kb3 Ba7 56. Ka3 Nb6 57. Be6 ({Not} 57. Bxc5 Nxd5 58. Bxa7 Nxc3 $11) 57... Na8 58. Ka4 Nc7 59. Bc4 (59. Bf7 $142 Bb6 60. f3) 59... Bb6 60. f3 Ne8 61. Bd5 Nd6 62. c4 Nc8 63. Kb5 Ba7 64. Ka6 {[%emt 0:00:55] Weighted Error Value: White=0.22 (precise) /Black=0.50} 1-0

[Event "FIDE Zonal 4-2 Open 2023"]
[Site "Dimbroko"]
[Date "2023.03.27"]
[Round "4.3"]
[White "Barcon, Harmon"]
[Black "Cogan, Nicolas"]
[Result "1-0"]
[ECO "B34"]
[WhiteElo "1928"]
[BlackElo "2013"]
[Annotator "TA"]
[PlyCount "50"]
[EventDate "2023.03.25"]
[EventType "swiss"]
[EventCountry "IVO"]
[SourceTitle "playchess.com"]
[Source "ChessBase"]
[SourceQuality "1"]
[TimeControl "40/5400+30:1800+30"]

1. e4 c5 2. Nf3 g6 3. d4 cxd4 4. Nxd4 Bg7 5. c3 Nc6 6. Be3 Nf6 7. Bd3 d5 {[%emt 0:01:55] B34: Sicilian: Accelerated Dragon with 5 Nc3: sidelines.} 8. exd5 Qxd5 {[%emt 0:11:12] [#] And now ...Nxd4 would win.} 9. O-O O-O {[%emt 0:00:30] The position is equal.} 10. Be2 {[%emt 0:01:23] Prevents Ng4} Ne5 {[%emt 0:09:11] [#]} 11. Nf3 $146 (11. Bf4 {is interesting.} Rd8 12. Nd2 Nh5 13. Bg5) ({Predecessor:} 11. Nd2 Neg4 12. N2f3 Nxe3 13. fxe3 Ng4 14. Nc2 Qc5 15. Nfd4 Nf6 16. Bf3 Qb6 17. Nb3 {0-1 Valcarcel,V (1757)-Taira,E (1751) Brasilia IRT Marista U2300 2017 (5.1)}) 11... Bd7 12. Bd4 Nxf3+ 13. Bxf3 Qd6 14. Nd2 Bc6 15. Re1 Rfd8 16. Bxc6 bxc6 17. Qf3 c5 18. Be3 Qd5 19. Qxd5 Rxd5 20. Nb3 c4 21. Nd2 Rb5 (21... Rc8 $11) 22. Nxc4 $14 Rc8 23. b3 Nd5 24. Bd4 (24. Bxa7 $2 {is the wrong capture.} Bxc3 25. Ne3 Bxe1 26. Nxd5 Bxf2+ {[%mdl 64] Decoy} 27. Kxf2 Rc2+ 28. Kf1 Rxd5 $19) 24... Nxc3 (24... Bxd4 $14 25. cxd4 Rb7) 25. Bxg7 $18 ({And not} 25. Bxa7 Ne2+ 26. Rxe2 Bxa1 $17) 25... Kxg7 {[%emt 0:00:30] Weighted Error Value: White=0.06 (flawless) /Black=0.25 (precise)} 1-0

[Event "FIDE Zonal 4-2 Open 2023"]
[Site "Dimbroko"]
[Date "2023.03.27"]
[Round "4.4"]
[White "Manan, Yoboue Hermann"]
[Black "Egbe, Kossi Thierry"]
[Result "0-1"]
[ECO "B17"]
[WhiteElo "2015"]
[BlackElo "1740"]
[Annotator "TA"]
[PlyCount "116"]
[EventDate "2023.03.25"]
[EventType "swiss"]
[EventCountry "IVO"]
[SourceTitle "playchess.com"]
[Source "ChessBase"]
[SourceQuality "1"]
[TimeControl "40/5400+30:1800+30"]

1. e4 c6 2. Nc3 d5 3. Nf3 dxe4 4. Nxe4 Nd7 5. d4 Ngf6 6. Nxf6+ Nxf6 7. Bd3 Bg4 8. c3 Qc7 {[%emt 0:00:00] B17: Caro-Kann: Modern Line (4...Nd7).} 9. h3 Bh5 10. g4 Bg6 {[%emt 0:00:00] The position is equal.} 11. Ne5 e6 {[%emt 0:00:00] [#]} 12. Qf3 $146 ({Predecessor:} 12. Bf4 Bd6 13. Qf3 O-O-O 14. O-O-O Nd5 15. Bg3 Rhf8 16. Qe2 Kb8 17. Bxg6 fxg6 18. Kb1 {1-0 Garcia,M (1975)-Franco Valencia,B (2077) Cali qual2 (Women) 2008 (1)}) 12... Bxd3 13. Nxd3 Bd6 14. Bg5 Nd5 15. O-O-O Qa5 16. c4 Nb4 17. c5 {[%emt 0:03:39] Nxb4 would be deadly.} Nxd3+ 18. Rxd3 {[%emt 0:00:30] [#]} (18. Qxd3 $11 {was the only way to keep the balance.} Bc7 19. Kb1) 18... Bxc5 $1 $17 19. h4 (19. Kb1 Bxd4) 19... Be7 20. Bxe7 Kxe7 21. Rb3 Rab8 (21... Qxa2 $2 22. Rxb7+ Kd8 23. Qxc6 $18) (21... b6 $17 22. Qf4 Qd5) 22. Qf4 $15 Qd5 (22... Qxa2 23. Qc7+ Kf8 24. Qxb8+ Ke7 25. Rxb7+ Kf6 26. Qf4+ Kg6 27. h5#) 23. Rhh3 (23. Re1 $15) 23... Rhd8 $17 24. Rhf3 f6 {[%emt 0:00:00] aiming for ...e5.} (24... Qxd4 $2 25. Qxf7+ Kd6 26. Rbd3 $18 (26. Rxb7 Rxb7 27. Qxb7 Qe4 $11) (26. Rxb7 Rxb7 27. Qxb7 Qc4+ 28. Rc3 Qf4+ 29. Kc2 Qa4+ 30. b3 Qxa2+ 31. Kc1 Qa1+ 32. Kc2 Qa2+ 33. Kc1 Qa1+ 34. Kc2 Qa2+ $11)) 25. Rfd3 Rd6 26. g5 Qf5 (26... fxg5 {simplifies} 27. hxg5 Qf5 28. Qxf5 exf5 29. Ra3 a6) 27. gxf6+ Qxf6 ({Reject} 27... gxf6 $6 28. Qh6 $15) 28. Qe4 g6 29. h5 Qxf2 30. hxg6 Qg1+ 31. Kd2 {[%emt 0:00:50] [#] Threatens to win with Qh4+.} hxg6 ({Much weaker is} 31... Qxg6 $6 32. Qh4+ Qf6 33. Qxh7+ Qf7 34. Qh2 $11) 32. Qh4+ Kd7 33. Qh7+ Kc8 34. Qg8+ Kc7 35. Qf7+ Rd7 36. Qf4+ Kc8 37. Re3 (37. d5 $15) 37... Qg2+ (37... b6 $19 {And now ...Kb7 would win.} 38. Kc2 Kb7) 38. Kc1 Qh1+ 39. Kc2 Qd5 40. Rh3 Qf5+ 41. Qxf5 gxf5 {[%emt 0:12:34][%mdl 4096] Endgame KRR-KRR} 42. Rbe3 Re7 43. Rh8+ {[%emt 0:01:02] Loses the game.} (43. d5 $17 Kd7 44. dxe6+ Kd6 45. Rh2) 43... Kc7 $19 44. Rxb8 (44. Rh6 $142) 44... Kxb8 {[%emt 0:00:00] KR-KR} 45. Rh3 Kc7 46. Kd3 Rd7 47. Ke3 Rg7 48. a3 Kd6 49. Rh8 Rg2 50. b4 Rg3+ 51. Kf4 Rxa3 52. Rd8+ Ke7 53. Rb8 b6 54. Ra8 a5 55. Rb8 b5 56. bxa5 Rxa5 57. Ke5 b4+ 58. Kf4 Rb5 {[%emt 0:00:00] Weighted Error Value: White=0.26 (precise) /Black=0.12 (very precise)} 0-1

[Event "FIDE Zonal 4-2 Open 2023"]
[Site "Dimbroko"]
[Date "2023.03.27"]
[Round "4.5"]
[White "Semeko, Lumen Paco"]
[Black "Nean, Franck Anderson"]
[Result "0-1"]
[ECO "A13"]
[WhiteElo "1483"]
[BlackElo "1851"]
[Annotator "NA RC COMBH"]
[PlyCount "86"]
[EventDate "2023.03.25"]
[EventType "swiss"]
[EventCountry "IVO"]
[SourceTitle "playchess.com"]
[Source "ChessBase"]
[SourceQuality "1"]
[TimeControl "40/5400+30:1800+30"]

1. b3 Nf6 2. Bb2 e6 3. e3 d5 4. Nf3 Be7 5. c4 Nbd7 6. cxd5 exd5 7. d4 O-O 8. Be2 Re8 9. O-O Bd6 10. Nbd2 c6 11. Qc2 Qe7 12. h3 Nf8 13. Ne5 g6 14. Rfe1 Bf5 15. Bd3 Bxd3 16. Qxd3 Qc7 17. Rac1 Re6 18. e4 Rae8 19. exd5 Nxd5 20. Ndc4 f6 21. Nxd6 (21. Nf3 $17) 21... Qxd6 22. Nf3 Nf4 23. Qc4 {[%emt 0:06:55] [#]} b5 $1 24. Rxe6 Rxe6 25. Qf1 Ne2+ 26. Kh1 Nxc1 27. Qxc1 Qd5 28. Qc3 $2 (28. Qc2 {was necessary.}) 28... Re2 29. Kg1 {[%emt 0:02:38] [#]} b4 $1 30. Qc1 Ne6 31. Kf1 Qb5 32. Kg1 Qf5 33. d5 Rc2 34. Qa1 cxd5 35. Bxf6 Qf4 36. Bb2 Ng5 $19 37. Qd1 Nxf3+ 38. gxf3 Qd2 39. Qxd2 Rxd2 40. Be5 Rxa2 41. Bd6 a5 42. Bc5 a4 43. bxa4 b3 0-1

[Event "FIDE Zonal 4-2 Open 2023"]
[Site "Dimbroko"]
[Date "2023.03.27"]
[Round "4.8"]
[White "Harold Evans"]
[Black "Ble, Kouko Hubert"]
[Result "0-1"]
[ECO "C11"]
[WhiteElo "1714"]
[BlackElo "1825"]
[Annotator "NA RC COMBH"]
[PlyCount "106"]
[EventDate "2023.03.25"]
[EventType "swiss"]
[EventCountry "IVO"]
[SourceTitle "playchess.com"]
[Source "ChessBase"]
[SourceQuality "1"]
[TimeControl "40/5400+30:1800+30"]

1. e4 Nf6 2. Nc3 d5 3. e5 Nfd7 4. d4 e6 5. Be3 c5 6. f4 Nc6 7. Qd2 a6 8. Nf3 cxd4 9. Nxd4 Bc5 10. Nb3 Bxe3 11. Qxe3 O-O 12. O-O-O b6 13. Qh3 Bb7 14. Bd3 g6 15. g4 Nb4 16. Rhg1 f6 17. f5 Nxe5 18. fxg6 Nbxd3+ 19. cxd3 hxg6 20. d4 Nf7 21. Rg3 Kg7 22. Qg2 Rh8 23. Kb1 Qd7 24. Rf1 Ng5 25. Nd2 Raf8 26. Re3 Qd6 27. h3 Bc6 $17 28. Rfe1 Re8 (28... e5 $142 29. Qh2 (29. dxe5 fxe5 30. Qg3 d4 $17) 29... Nf7 30. dxe5 fxe5) 29. Qh1 (29. Nf3 $17) 29... e5 30. Qh2 Nf7 31. dxe5 fxe5 32. h4 e4 33. Qf2 Ne5 34. Qg3 Qe6 35. R3e2 Qxg4 36. Qe3 Qxh4 37. Qxb6 Re7 38. Rg1 Qf6 39. Reg2 $2 (39. Rf1 Qe6 40. Qd4) 39... Rh6 40. Qxa6 (40. Nd1 $142 Bb5 41. Qxf6+ Kxf6 42. Ka1) 40... d4 41. Rf1 Nf3 42. Nd5 Bxd5 43. Qxf6+ Kxf6 44. b3 g5 45. Kb2 Kf5 46. a4 g4 47. Ka3 e3 48. Re2 Rb7 49. Nc4 Bxc4 50. bxc4 Ke4 51. c5 d3 52. Rg2 Kf4 53. Rb1 Rxb1 0-1